 Dungeon Crawl Stone Soup version 0.29.1 (webtiles) character file.

Game seed: 1121088825264949566

74 vvl the Trooper (level 4, -2/40 HPs)
             Began as a Ghoul Fighter on Sept 15, 2022.
             Slain by an iguana (4 damage)
             ... on level 3 of the Dungeon.
             The game lasted 00:02:49 (1663 turns).

vvl the Trooper (Ghoul Fighter)                     Turns: 1663, Time: 00:02:49

Health: -2/40      AC:  6    Str: 19    XL:     4   Next: 30%
Magic:  4/4        EV:  9    Int:  5    God:
Gold:   81         SH:  4    Dex:  8    Spells: 5/5 levels left

rFire   . . .      SeeInvis .   a - +0 war axe
rCold   + . .      Faith    .   c - +0 buckler
rNeg    + + +      Spirit   .   b - +0 scale mail
rPois   ∞          Reflect  .   (no helmet)
rElec   .          Harm     .   (no cloak)
rCorr   .          Rampage  .   (no gloves)
Will    .....                   (no boots)
Stlth   ..........              (no amulet)
HPRegen 0.00/turn               (no ring)
MPRegen 0.09/turn               (no ring)

@: inhibited regen
A: claws 1, cold resistance 1, negative energy resistance 3, inhibited
regeneration, torment resistance 2, devour on kill
a: no special abilities


You were on level 3 of the Dungeon.
You visited 1 branch of the dungeon, and saw 3 of its levels.

You collected 81 gold pieces.

Inventory:

Hand Weapons
 a - a +0 war axe (weapon)
 l - a +4 dagger
Armour
 b - a +0 scale mail (worn)
 c - a +0 buckler (worn)
Scrolls
 e - 2 scrolls of fog {unknown}
 f - 4 scrolls of teleportation {unknown}
 h - 2 scrolls of enchant armour {unknown}
 j - a scroll of noise {unknown}
 k - a scroll of brand weapon {unknown}
 m - a scroll of torment {unknown}
 n - a scroll of immolation {unknown}
 p - a scroll of blinking {unknown}
 r - a scroll of enchant weapon {unknown}
 s - a scroll of identify {unknown}
 t - a scroll of vulnerability {unknown}
 v - a scroll of fear {unknown}
Potions
 d - a potion of might
 g - a potion of attraction {unknown}
 i - a potion of heal wounds {unknown}
 o - a potion of degeneration {unknown}
 q - a potion of lignification {unknown}
 u - a potion of cancellation {unknown}


   Skills:
 + Level 3.8 Fighting
 + Level 2.4 Axes
 + Level 3.1 Armour
 + Level 3.1 Shields
 + Level 1.1 Spellcasting


You had 5 spell levels left.
You didn't know any spells.
Your spell library was empty.

Dungeon Overview and Level Annotations

Branches:
Dungeon (3/15)

Altars:
Kikubaaqudgha


Innate Abilities, Weirdness & Mutations

You are immune to poison.
You have sharp fingernails.
Your flesh is cold resistant. (rC+)
You are immune to negative energy. (rN+++)
You do not regenerate when monsters are visible.
You are immune to unholy pain and torment.
You thrive by killing the living.


Message History

The iguana barely misses you. The iguana bites you!
You closely miss the iguana.
The iguana is lightly wounded.
The iguana bites you!
You barely miss the iguana.
The iguana is lightly wounded.
The iguana bites you.
The iguana bites you but does no damage.
You are too injured to fight recklessly!
You are too injured to fight recklessly!
You are too injured to fight recklessly!
You closely miss the iguana.
The iguana is lightly wounded.
The iguana closely misses you.
You hit the iguana but do no damage.
The iguana is lightly wounded.
The iguana bites you.
* * * LOW HITPOINT WARNING * * *
You slash the iguana!
The iguana is severely wounded.
You block the iguana's attack. The iguana closely misses you.
You barely miss the iguana.
The iguana is severely wounded.
The iguana bites you.
* * * LOW HITPOINT WARNING * * *
You hit the iguana but do no damage.
The iguana is severely wounded.
The iguana bites you.
* * * LOW HITPOINT WARNING * * *
The iguana closely misses you.
You hit the iguana but do no damage.
The iguana is severely wounded.
The iguana bites you but does no damage.
You barely miss the iguana.
The iguana is severely wounded.
The iguana barely misses you.
You hit the iguana.
The iguana is severely wounded.
The iguana bites you.
You die...

##.#.....########..
#.#.....#.........
#.#.......#####...
>..#####.#...†...#####...
.........................
...#####.#####...#####.##
#.# #...# #.# #######.##
#...# #.# .......@.#
##### #.# )......l.# #.#
...?.....# #.# ..........
#.# ...........
............
###.#........
#..#########


You could see an iguana.

Vanquished Creatures
  2 adders
  3 dart slugs
  4 bats
  3 endoplasms
  2 giant cockroaches (D:2)
  3 goblins
  5 hobgoblins
  5 jackals
  4 kobolds
  A quokka (D:2)
  6 ball pythons
  3 frilled lizards (D:2)
  4 rats
45 creatures vanquished.

Notes
Turn   | Place    | Note
-------+----------+-------------------------------------------
     0 | D:1      | vvl the Ghoul Fighter began the quest for the Orb.
     0 | D:1      | Reached XP level 1. HP: 19/19 MP: 0/0
   179 | D:1      | Reached XP level 2. HP: 8/26 MP: 1/1
   199 | D:1      | HP: 1/26 [dart slug/slug dart (2)]
   890 | D:1      | Reached XP level 3. HP: 31/31 MP: 2/2
  1194 | D:2      | Found a faded altar of an unknown god.
  1205 | D:2      | Reached skill level 1 in Spellcasting
  1214 | D:2      | Reached XP level 4. HP: 40/40 MP: 4/4
  1544 | D:3      | Found an ancient bone altar of Kikubaaqudgha.
  1660 | D:3      | HP: 2/40 [iguana (4)]
  1663 | D:3      | Slain by an iguana

Illustrated notes

Levels and vault maps discovered:
D:1:      dpeg_arrival_solitude, layout_basic, kennysheep_decorative_pillar,
          minmay_3d_cube
D:2:      layout_rooms, hellmonk_ecumenical_altar_pennies_from_heaven,
          minmay_surrounded
D:3:      layout_basic, mainiacjoe_overflow_small_starburst

Skill      XL: |  1  2  3 |
---------------+----------+-----
Axes           | 2 |  2.4
Shields        | 3 |  3.1
Armour         | 3 |  3.1
Spellcasting   | 1 |  1.1
Fighting       | |  3.8

Action                   |  1- 3 |  4- 6 || total
-------------------------+-------+-------++-------
Melee: War axe           |   103 |    30 ||   133
Armor: Scale mail        |    69 |    13 ||    82
Dodge: Dodged            |    54 |    14 ||    68
Block: Buckler           |    26 |     4 ||    30
